 Dungeon Crawl Stone Soup version 0.31-a0-1009-g454b1f1e0a (webtiles) character file.

Game seed: 17674130688785131829

2 kae the Vexing (level 1, -2/13 HPs)
             Began as a Demonspawn Enchanter on Nov 14, 2023.
             Slain by a hobgoblin (4 damage)
             ... on level 1 of the Dungeon.
             The game lasted 00:00:07 (76 turns).

kae the Vexing (Demonspawn Enchanter)                 Turns: 76, Time: 00:00:08

Health: -2/13      AC:  2    Str:  8    XL:     1   Next: 33%
Magic:  3/3        EV:  9    Int: 16    God:
Gold:   7          SH:  0    Dex: 13    Spells: 4/4 levels left

rFire   . . .        a - +1 dagger
rCold   . . .        (no shield)
rNeg    . . .        b - +0 robe
rPois   .            (no helmet)
rElec   .            (no cloak)
rCorr   .            (no gloves)
SInv    .            (no boots)
Will    .....        (no amulet)
Stlth   ++           (no ring)
HPRegen 0.22/turn    (no ring)
MPRegen 0.08/turn

%: no passive effects
@: constricted
A: no striking features
a: no special abilities


You were on level 1 of the Dungeon.
You visited 1 branch of the dungeon, and saw 1 of its levels.

You collected 7 gold pieces.


   Skills:
 * Level 1.0 Short Blades
 - Level 1.7 Dodging
 + Level 2.7 Stealth
 + Level 2.0 Spellcasting
 * Level 3.0 Hexes


You had 4 spell levels left.
You didn't know any spells.
Your spell library contained the following spells:

 Spells                   Type           Power      Damage    Failure   Level
 Ensorcelled Hibernation  Hex/Ice        12%        N/A       17%         2
 Confusing Touch          Hex            11%        N/A       19%         3
 Tukima's Dance           Hex            11%        N/A       19%         3
 Dazzling Flash           Conj/Hex       12%        N/A       32%         3

Inventory:

Hand Weapons
 a - a +1 dagger (weapon)
Armour
 b - a +0 robe (worn)
Potions
 c - 2 potions of invisibility
 d - a potion of degeneration {unknown}
 e - a potion of brilliance {unknown}

Dungeon Overview and Level Annotations

Branches:
Dungeon (1/15) Zot: 5923

Altars:

Shops:
D:1

* ..... ....∩
##...# ...b. ..
.... ... J.# ....
#####g.#
#..##...@gl#
##........S.#
..........#......
#.........#.##.##
#######...# # #
#.....#...#
#.....#...#
#.........#
#...[.#...#


You could see an endoplasm, 2 hobgoblins, a bat, a ball python and a frilled
lizard.


Message History

You are too injured to fight recklessly!
You are too injured to fight recklessly!
The goblin misses you.
You hit the goblin but do no damage. You hit the goblin.
You kill the goblin!
You see here a +0 club.
e - a metallic green potion 😕 HP[+2]
You regained 2 hp, and now have 11/13 hp.
No target in view!
No target in view!
A bat comes into view. 😎 HP[+2]
Your hp is fully restored (13).
A rat comes into view.
The bat misses you.
There are monsters nearby!
The bat closely misses you.
You hit the rat. The bat barely misses you. The rat bites you.
The bat hits you but does no damage. 😕 HP[-1]
You take 1 damage, and now have 12/13 hp.
There are monsters nearby!
You barely miss the rat. The rat barely misses you.
The bat hits you but does no damage.
You hit the rat. The bat closely misses you. The rat barely misses you.
The bat barely misses you.
There are monsters nearby!
You hit the rat.
You kill the rat!
The bat hits you but does no damage.
Your Short Blades skill increases to level 1!
The bat barely misses you. 😎 HP[+1]
Your hp is fully restored (13).
A bat comes into view.
A hobgoblin comes into view.
The hobgoblin shouts!
You hear a shout!
The bat hits you but does no damage. The bat hits you.
A ball python comes into view.
The bat hits you but does no damage. 😕 HP[-1]
You take 1 damage, and now have 12/13 hp.
You completely miss the bat. The bat closely misses you.
The bat hits you but does no damage.
A hobgoblin comes into view.
The ball python hisses angrily.
You hit the bat.
You kill the bat!
An endoplasm comes into view.
A frilled lizard comes into view.
There are monsters nearby!
A bat comes into view.
Found Res Leas's General Store.
The hobgoblin closely misses you.
The bat moves out of view.
You barely miss the hobgoblin.
The hobgoblin barely misses you. 😎 HP[+1]
Your hp is fully restored (13).
There are monsters nearby!
The endoplasm quivers.
You hit the hobgoblin. You barely miss the hobgoblin.
The hobgoblin barely misses you. The hobgoblin closely misses you.
You barely miss the hobgoblin. The hobgoblin barely misses you.
The hobgoblin closely misses you.
You closely miss the hobgoblin. The hobgoblin closely misses you.
The hobgoblin hits you. The ball python closely misses you.
The ball python grabs you.
The ball python constricts you. 😕 HP[-3]
You take 3 damage, and now have 10/13 hp.
MASSIVE DAMAGE!! (PAUSE)
You completely miss the ball python. The hobgoblin barely misses you. x2
The ball python bites you.
The ball python constricts you. 😮 HP[-2]
You take 2 damage, and now have 8/13 hp.
Unknown command.
You hit the ball python. The ball python barely misses you.
The ball python constricts you.
The hobgoblin hits you but does no damage.
The hobgoblin hits you.
* * * LOW HITPOINT WARNING * * *
😨 HP[-2]
You take 2 damage, and now have 6/13 hp.
You closely miss the ball python.
A bat comes into view.
The ball python bites you.
* * * LOW HITPOINT WARNING * * *
The ball python constricts you. The hobgoblin barely misses you.
The hobgoblin hits you.
* * * LOW HITPOINT WARNING * * *
Unknown command. 😱 HP[-4]
You take 4 damage, and now have 2/13 hp.
MASSIVE DAMAGE!! (PAUSE)
You hit the ball python. Your punch misses the ball python.
The ball python barely misses you. The ball python constricts you.
The hobgoblin barely misses you. The hobgoblin hits you.
You die...

Skill      XL: |  1 |
---------------+----+-----
Short Blades   | 1 |  1.0
Dodging        | |  1.7
Stealth        | |  2.7
Spellcasting   | |  2.0
Hexes          | |  3.0

Action                     || total
---------------------------++-------
  Melee: Dagger            ||    20
 Armour: Robe              ||    16
  Dodge: Dodged            ||    26

Levels and vault maps discovered:
D:1:      dpeg_arrival_connections, layout_basic,
          shapermc_ecumenical_altar_starsandcircs, serial_shops,
          nicolae_shop_peninsula, shop, nicolae_shop_rolling_square, shop,
          dreamdust_wishing_well, minmay_crystal_room

Notes
Turn   | Place    | Note
-------+----------+-------------------------------------------
     0 | D:1      | kae the Demonspawn Enchanter began the quest for the Orb.
     0 | D:1      | Reached XP level 1. HP: 13/13 MP: 3/3
     0 | D:1      | magus.rc [v1.11.3]
    59 | D:1      | Reached skill level 1 in Short Blades
    67 | D:1      | Found Res Leas's General Store.
    75 | D:1      | HP: 2/13 [hobgoblin (3)]
    76 | D:1      | Slain by a hobgoblin

Vanquished Creatures
  A goblin (D:1)
  A bat (D:1)
  A rat (D:1)
3 creatures vanquished.

Table legend:
 A = Non-vault XP
 B = Vault XP
 C = Vault XP percentage of total XP
 D = Non-vault monster count
 E = Vault monster count
 F = Vault count percentage of total count
                 A         B        C        D         E       F
            +---------+---------+-------+---------+---------+-------
      Total |       4 |       0 |   0.0 |       3 |       0 |   0.0
            +---------+---------+-------+---------+---------+-------
        D:1 |       4 |       0 |   0.0 |       3 |       0 |   0.0
            +---------+---------+-------+---------+---------+-------

Skill      XL: |  1 |
---------------+----+-----
Short Blades   | 1 |  1.0
Dodging        | |  1.7
Stealth        | |  2.7
Spellcasting   | |  2.0
Hexes          | |  3.0

Action                     || total
---------------------------++-------
  Melee: Dagger            ||    20
 Armour: Robe              ||    16
  Dodge: Dodged            ||    26

Illustrated notes

Table legend:
 A = Kills in this place as a percentage of kills in the entire game.
 B = Kills by you in this place as a percentage of kills by you in the entire game.
 C = Kills by friends in this place as a percentage of kills by friends in the entire game.
 D = Other kills in this place as a percentage of other kills in the entire game.
 E = Experience gained in this place as a percentage of experience gained in the entire game.
 F = Experience gained in this place divided by the number of levels of this place that you have seen.
                   A       B       C       D       E      F
               +-------+-------+-------+-------+-------+----------------------
         Total | 100.0 | 100.0 |   N/A |   N/A | 100.0 |   4.0
       Dungeon | 100.0 | 100.0 |   N/A |   N/A | 100.0 |   4.0
               +-------+-------+-------+-------+-------+----------------------

Table legend: (Time is in decaauts)
 A = Elapsed time spent in this place.
 B = Non-inter-level travel time spent in this place.
 C = Inter-level travel time spent in this place.
 D = Time resting spent in this place.
 E = Time spent auto-exploring this place.
 F = Levels seen in this place.
 G = Mean time per level.
                   A        B        C        D        E       F      G
               +--------+--------+--------+--------+--------+-----+--------+
         Total |     75 |     75 |      0 |      0 |     40 |   1 |   75.0 |
       Dungeon |     75 |     75 |      0 |      0 |     40 |   1 |   75.0 |
               +--------+--------+--------+--------+--------+-----+--------+

Top non-repeatable levels by time:
     D:1: 75 daAuts
